 Dungeon Crawl Stone Soup version 0.22-a0-565-gfc6459a (webtiles) character file.

92645 Hebeh the Severer (level 15, -11/141 HPs)
             Began as a Minotaur Fighter on June 28, 2018.
             Was the Champion of Trog.
             Mangled by a sun demon (14 damage)
             ... summoned by an orc high priest
             ... while paralysed by an orc sorcerer
             ... on level 2 of the Orcish Mines on June 29, 2018.
             The game lasted 01:49:37 (25982 turns).

Hebeh the Severer (Minotaur Fighter)               Turns: 25982, Time: 01:49:38

Health: -11/141    AC: 24    Str: 28    XL:     15   Next: 58%
Magic:  0/14       EV:  2    Int:  1    God:    Trog [******]
Gold:   1737       SH:  0    Dex: 13    Spells: 14/14 levels left

rFire    . . .     SeeInvis +   a - +3 broad axe (flame)
rCold    + . .     Gourm    .   c - +5 shield
rNeg     . . .     Faith    .   S - +5 chain mail of Fowkuats {Int-4 Dex+4}
rPois    .         Spirit   +   l - +2 hat {SInv}
rElec    .         Reflect  .   E - scarf {repulsion}
rCorr    .         Harm     .   B - +0 pair of gloves
MR       +....                  C - +0 pair of boots
Stlth    ..........             I - amulet of guardian spirit
HPRegen  0.33/turn              n - ring of protection from cold
MPRegen  0.14/turn              O - +2 ring of protection

@: paralysed, heavily drained, repel missiles
A: retaliatory headbutt, horns 2
a: Berserk, Trog's Hand, Brothers in Arms, Renounce Religion


You were on level 2 of the Orcish Mines.
You worshipped Trog.
Trog was exalted by your worship.
You were not hungry.

You visited 3 branches of the dungeon, and saw 23 of its levels.
You also visited: Ossuary.

You collected 1737 gold pieces.

Inventory:

Hand Weapons
 a - a +3 broad axe of flaming (weapon)
 b - the +9 war axe of Qecseose {freeze, rC+ Stlth+}
   (You found it on level 5 of the Lair of Beasts)

   It has been specially enchanted to freeze those struck by it, causing extra
   injury to most foes and up to half again as much damage against particularly
   susceptible opponents.
   It can also slow down cold-blooded creatures.
   It protects you from cold.
   It makes you more stealthy.
Missiles
 r - 4 silver javelins
 v - 3 javelins of penetration (quivered)
Armour
 c - a +5 shield (worn)
 l - a +2 hat of see invisible (worn)
 B - a +0 pair of gloves (worn)
 C - a +0 pair of boots (worn)
 E - a scarf of repulsion (worn)
 S - the +5 chain mail of Fowkuats (worn) {Int-4 Dex+4}
   (You found it on level 12 of the Dungeon)

   It affects your intelligence (-4).
   It affects your dexterity (+4).
Jewellery
 n - a ring of protection from cold (left hand)
 I - an amulet of guardian spirit (around neck)
 O - a +2 ring of protection (right hand)
Wands
 k - a wand of acid (6)
 s - a wand of clouds (8)
 x - a wand of scattershot (1)
 y - a wand of polymorph (42)
 A - a wand of iceblast (11)
 K - a wand of digging (15)
Scrolls
 h - a scroll of torment
 m - 2 scrolls of identify
 p - 2 scrolls of fear
 F - 7 scrolls of immolation
 G - 4 scrolls of fog
 H - 10 scrolls of remove curse
 L - a scroll of enchant armour
 P - 2 scrolls of magic mapping
 Q - 4 scrolls of blinking
 R - 11 scrolls of teleportation
 U - a scroll of holy word
Potions
 e - 3 potions of invisibility
 g - 12 potions of curing
 i - 6 potions of heal wounds
 j - a potion of resistance
 q - 3 potions of haste
 t - 6 potions of lignification
 u - a potion of magic
 w - 5 potions of agility
 z - 3 potions of berserk rage
 D - 2 potions of ambrosia
 M - 3 potions of cancellation
Miscellaneous
 J - a lamp of fire
Comestibles
 d - 3 chunks of flesh
 f - 26 rations


   Skills:
 + Level 15.0(12.7) Fighting
 + Level 19.3(16.8) Axes
 + Level 15.0(12.7) Armour
 * Level 15.6(13.3) Shields


You had 14 spell levels left.
You didn't know any spells.
Your spell library was empty.

Dungeon Overview and Level Annotations

Branches:
Dungeon (15/15)            Temple (0/1) D:6            Lair (6/6) D:11
  Swamp (0/4) Lair:3       Spider (0/4) Lair:2        Slime (0/5) Lair:5
    Orc (2/2) D:10            Elf (0/3) Orc:2        Vaults (0/5) D:13
 Depths (0/5) D:15

Altars:
Cheibriados
Dithmenos
Elyvilon
Gozag
Hepliaklqana
Kikubaaqudgha
Sif Muna
Trog
Uskayaw
Vehumet
Xom
Zin
Jiyva

Shops:
Orc:1 :

Annotations:
D:4 1 runed door, Soeti's ghost, novice TrMo
D:9 exclusion: obsidian statue
Lair:5 1 runed door


Innate Abilities, Weirdness & Mutations

You reflexively headbutt those who attack you in melee.
You have a pair of horns on your head.


Message History

The bolt of negative energy hits you!
You feel drained.
The sun demon hits you but does no damage.
The hellwing hits you!
* * * LOW HITPOINT WARNING * * *
The hellwing hits you but does no damage.
The orc high priest hits you but does no damage.
The orc sorcerer hits you but does no damage.
The orange demon stings you but does no damage.
The sun demon hits you.
* * * LOW HITPOINT WARNING * * *
You are engulfed in flames!
* * * LOW HITPOINT WARNING * * *
The hellwing hits you!
* * * LOW HITPOINT WARNING * * *
The hellwing hits you.
* * * LOW HITPOINT WARNING * * *
The sun demon hits you!
* * * LOW HITPOINT WARNING * * *
You are engulfed in flames!
You die...

... ##.###....#.## ...
###...##.....#.## ..#
#.#...##..#.....#### .##
#...##...#.......8o .#
#.....#.###...o.... ##
##.......###o....... #
#####..44(.().o.........
......3oo#.#..........8.
.......@(###........####
.#..##..4.##..#.......#
### ##<..#.......##.##
##.###.##....### ###
####...## ##..#


You could see an orc high priest, a sun demon, 2 orange demons, a hellwing and
an orc sorcerer.

Vanquished Creatures
  Frances (D:14)
  Gastronok (D:11)
  Kirke (Lair:5)
  A stone giant (Orc:1)
  A minotaur (Lair:2)
  The ghost of Veutoesm the Severer, a journeyman DDFi of Makhleb (Lair:2)
  The ghost of iamserjio the Nimble, a journeyman OpWn of Okawaru (Lair:5)
  10 hydras
  The ghost of junkhipster the Basher, a journeyman GrFi of Okawaru (D:13)
  Fannar (D:11)
  A vault guard (D:13)
  8 centaur warriors
  3 catoblepae
  7 death yaks (Lair:6)
  A deep troll shaman (Lair:6)
  6 two-headed ogres
  2 skeletal warriors (D:15)
  2 unseen horrors
  A tengu zombie (D:15)
  A phantasmal warrior (D:15)
  A wolf spider zombie (D:15)
  A necromancer (D:15)
  Pikel (D:7)
  An orc knight (D:15)
  3 oklob plants
  2 orc sorcerers
  2 manticores (D:13)
  2 ugly things
  2 cyclopes
  4 centaur zombies
  4 black mambas
  12 elephants
  9 spiny frogs
  A spriggan zombie (D:15)
  A gargoyle (D:12)
  A rime drake (Lair:5)
  7 komodo dragons
  A tengu conjurer (D:15)
  2 queen bees
  4 polar bears
  9 trolls
  A queen bee (shapeshifter) (D:15)
  Grinder (D:5)
  10 slime creatures
  A harpy skeleton (D:15)
  2 hornets
  10 hippogriffs
  3 bog bodies (Lair:3)
  A dream sheep (Lair:1)
  16 blink frogs
  A meliai zombie (D:14)
  2 shadows
  A deep troll skeleton (D:15)
  A fire dragon skeleton (D:15)
  A spriggan (Lair:1)
  Sigmund (D:2)
  5 hogs (Lair:5)
  6 wyverns
  7 basilisks
  A vampire (D:14)
  A wraith (D:15)
  Eustachio (D:6)
  28 yaks
  3 hungry ghosts
  A steam dragon (Lair:2)
  2 swamp worms (Lair:3)
  6 vampire mosquitoes
  An acid dragon (D:14)
  A soldier ant (D:10)
  2 wargs
  18 water moccasins
  3 porcupines
  2 sky beasts (D:8)
  7 orc warriors
  3 black bears
  A slave (D:7)
  11 ice beasts
  11 ogres
  19 wolves
  23 centaurs
  11 crocodiles
  2 big kobolds
  A wyvern zombie (D:7)
  14 bullfrogs
  A gnoll sergeant (D:8)
  2 wyvern skeletons
  7 scorpions
  53 killer bees
  9 wights
  An electric eel (Lair:3)
  8 howler monkeys
  5 crimson imps
  7 hounds
  A bullfrog zombie (D:9)
  Crazy Yiuf (D:4)
  5 jellies
  11 orc priests
  7 centaur skeletons
  Ijyb (D:4)
  Terence (D:2)
  6 iguanas
  Natasha (thrice) (D:4)
  10 worker ants
  17 orc wizards
  7 hell rats (Lair:2)
  A hound zombie (D:6)
  A hound skeleton (D:6)
  11 mummies (Ossuary)
  6 gnolls
  9 adders
  5 shadow imps
  An ooze (D:2)
  An adder zombie (D:9)
  An adder skeleton (D:4)
  3 worms (Lair:2)
  A dart slug (D:1)
  7 leopard geckos
  40 orcs
  6 bats
  9 giant cockroaches
  7 goblins
  5 hobgoblins
  6 jackals
  7 kobolds
  5 quokkas
  A frilled lizard (D:2)
  4 gnoll skeletons (Ossuary)
  A goblin skeleton (Ossuary)
  2 kobold skeletons (Ossuary)
  A leopard gecko skeleton (D:5)
  An orc skeleton (Ossuary)
  A quokka skeleton (D:4)
  A quokka zombie (D:6)
  9 rats
  11 rat skeletons (Ossuary)
  4 fungi
  14 plants
  A withered plant (D:15)
710 creatures vanquished.

Vanquished Creatures (others)
  An adder (D:7)
  An orc (D:13)
  18 fungi
  7 plants
27 creatures vanquished.

Grand Total: 737 creatures vanquished

Notes
Turn   | Place    | Note
-------+----------+-------------------------------------------
     0 | D:1      | Hebeh the Minotaur Fighter began the quest for the Orb.
     0 | D:1      | Reached XP level 1. HP: 19/19 MP: 0/0
   254 | D:1      | Reached XP level 2. HP: 27/27 MP: 1/1
   515 | D:2      | Noticed Sigmund
   533 | D:2      | Reached skill level 3 in Axes
   535 | D:2      | Killed Sigmund
   535 | D:2      | Reached skill level 4 in Axes
   535 | D:2      | Reached XP level 3. HP: 11/34 MP: 2/2
   535 | D:2      | Reached XP level 4. HP: 14/41 MP: 3/3
   535 | D:2      | Reached XP level 5. HP: 16/47 MP: 4/4
   959 | D:2      | Found a deep blue altar of Sif Muna.
   969 | D:2      | Noticed Terence
   983 | D:2      | Killed Terence
  1180 | D:2      | Found an ancient bone altar of Kikubaaqudgha.
  1181 | D:2      | Found a bloodstained altar of Trog.
  1248 | D:2      | Reached skill level 5 in Axes
  1286 | D:2      | Found a snail-covered altar of Cheibriados.
  1328 | D:2      | Became a worshipper of Trog the Wrathful
  1583 | D:3      | Reached XP level 6. HP: 48/55 MP: 5/5
  1759 | D:3      | Reached skill level 5 in Fighting
  1768 | D:3      | Reached skill level 5 in Armour
  1871 | D:3      | Reached skill level 5 in Shields
  2034 | D:3      | Reached * piety under Trog
  2410 | D:4      | Found a runed door.
  2457 | D:4      | Noticed Natasha
  2459 | D:4      | Killed Natasha
  2513 | D:4      | Noticed Ijyb
  2539 | D:4      | Killed Ijyb
  2817 | D:4      | Found a runed door.
  2823 | D:4      | Noticed Soeti's ghost (novice TrMo)
  2854 | D:4      | Noticed Natasha
  2869 | D:4      | Killed Natasha
  2869 | D:4      | Reached skill level 6 in Axes
  2869 | D:4      | Reached XP level 7. HP: 61/61 MP: 6/6
  3226 | D:4      | Found an opulent altar of Gozag.
  3299 | D:4      | Noticed Natasha
  3313 | D:4      | Killed Natasha
  3581 | D:4      | Noticed Crazy Yiuf
  3587 | D:4      | Killed Crazy Yiuf
  3725 | D:5      | Entered Level 5 of the Dungeon
  3732 | D:5      | Noticed Grinder
  3755 | D:5      | Killed Grinder
  3755 | D:5      | Reached skill level 7 in Axes
  3755 | D:5      | Reached XP level 8. HP: 6/70 MP: 7/7
  4680 | D:6      | Reached skill level 8 in Axes
  4715 | D:6      | Reached ** piety under Trog
  4816 | D:6      | Found a sand-covered staircase.
  5017 | Ossuary  | Entered an ossuary
  5231 | Ossuary  | Reached *** piety under Trog
  5231 | Ossuary  | Reached skill level 9 in Axes
  5412 | D:6      | Noticed Eustachio
  5423 | D:6      | Reached XP level 9. HP: 58/79 MP: 8/8
  5454 | D:6      | Killed Eustachio
  5472 | D:6      | Found a staircase to the Ecumenical Temple.
  6135 | D:7      | Found a hazy altar of Hepliaklqana.
  6156 | D:7      | Noticed Pikel
  6173 | D:7      | Killed Pikel
  6173 | D:7      | Reached skill level 10 in Axes
  7257 | D:8      | Received a gift from Trog
  7506 | D:8      | Reached skill level 11 in Axes
  7509 | D:8      | Reached XP level 10. HP: 90/90 MP: 9/9
  7694 | D:8      | Found a shadowy altar of Dithmenos.
  7840 | D:9      | Found a white marble altar of Elyvilon.
  7954 | D:9      | Reached **** piety under Trog
  8239 | D:9      | Noticed an obsidian statue
  8677 | D:9      | Reached skill level 12 in Axes
  9379 | D:9      | Reached ***** piety under Trog
  9890 | D:10     | Entered Level 10 of the Dungeon
  9992 | D:10     | Found a staircase to the Orcish Mines.
 10251 | D:10     | Reached XP level 11. HP: 99/99 MP: 10/10
 10708 | D:11     | Noticed an oklob plant
 10708 | D:11     | Noticed an oklob plant
 10741 | D:11     | Reached skill level 10 in Armour
 10792 | D:11     | Found a labyrinth entrance.
 10879 | D:11     | Reached skill level 10 in Shields
 10881 | D:11     | Noticed Fannar
 10932 | D:11     | Killed Fannar
 10932 | D:11     | Reached skill level 10 in Fighting
 10932 | D:11     | Reached skill level 13 in Axes
 11118 | D:11     | Noticed a two-headed ogre
 11121 | D:11     | Noticed Gastronok
 11129 | D:11     | Killed a two-headed ogre
 11470 | D:11     | Killed Gastronok
 11585 | D:11     | Noticed a brown ugly thing
 11596 | D:11     | Killed a brown ugly thing
 11753 | D:11     | Found a staircase to the Lair.
 11934 | D:12     | Reached skill level 14 in Axes
 11951 | D:12     | Received a gift from Trog
 12003 | D:12     | Noticed a two-headed ogre
 12019 | D:12     | Killed a two-headed ogre
 12079 | D:12     | Noticed a two-headed ogre
 12095 | D:12     | Killed a two-headed ogre
 12095 | D:12     | Reached XP level 12. HP: 95/110 MP: 11/11
 12506 | D:12     | Got a dazzling chain mail
 12517 | D:12     | Identified the +5 chain mail of Fowkuats {Int-4 Dex+4} (You found it on level 12 of the Dungeon)
 12625 | D:12     | Found a radiant altar of Vehumet.
 12863 | D:13     | Noticed a two-headed ogre
 12872 | D:13     | Killed a two-headed ogre
 12872 | D:13     | Reached skill level 15 in Axes
 13306 | D:13     | Noticed a centaur warrior
 13345 | D:13     | Noticed a vault guard
 13350 | D:13     | Killed a centaur warrior
 13360 | D:13     | Killed a vault guard
 13553 | D:13     | Found a gate to the Vaults.
 13639 | D:13     | Found a runed door.
 13645 | D:13     | Noticed junkhipster's ghost (journeyman GrFi)
 13658 | D:13     | Noticed an eight-headed hydra
 13663 | D:13     | Killed a six-headed hydra
 13688 | D:13     | Found a shimmering altar of Xom.
 13769 | D:13     | Noticed a two-headed ogre
 13773 | D:13     | Killed a two-headed ogre
 13815 | D:13     | Found the +7 longbow "Piercer" {penet, EV-2}
 13882 | D:13     | Noticed a two-headed ogre
 13888 | D:13     | Killed a two-headed ogre
 13893 | D:13     | Received a gift from Trog
 14042 | D:13     | Noticed a centaur warrior
 14051 | D:13     | Killed a centaur warrior
 14242 | D:13     | Killed junkhipster's ghost
 14242 | D:13     | Reached skill level 16 in Axes
 14242 | D:13     | Reached XP level 13. HP: 112/118 MP: 12/12
 14430 | D:14     | Noticed Frances
 14442 | D:14     | Killed Frances
 15110 | D:14     | Found a glowing silver altar of Zin.
 15110 | D:14     | Noticed an angel
 15622 | D:15     | Entered Level 15 of the Dungeon
 16142 | D:15     | Reached skill level 17 in Axes
 16157 | D:15     | Found a staircase to the Depths.
 16210 | D:15     | Received a gift from Trog
 16604 | D:15     | Reached XP level 14. HP: 105/129 MP: 13/13
 17294 | Lair:1   | Entered Level 1 of the Lair of Beasts
 18652 | Lair:2   | Noticed Veutoesm's ghost (journeyman DDFi)
 18693 | Lair:2   | Found a runed gate.
 18693 | Lair:2   | Found a runed gate.
 18693 | Lair:2   | Found a runed gate.
 18960 | Lair:2   | Reached skill level 18 in Axes
 19268 | Lair:2   | Found a hole to the Spider Nest.
 19652 | Lair:2   | Killed Veutoesm's ghost
 19652 | Lair:2   | Reached ****** piety under Trog
 19889 | Lair:3   | Received a gift from Trog
 20407 | Lair:3   | Found a staircase to the Swamp.
 21371 | Lair:5   | Found a runed door.
 21371 | Lair:5   | Found a viscous altar of Jiyva.
 21371 | Lair:5   | Found a staircase to the Slime Pits.
 21371 | Lair:5   | Noticed an azure jelly
 21371 | Lair:5   | Noticed an azure jelly
 21540 | Lair:5   | Noticed Kirke
 21555 | Lair:5   | Killed Kirke
 21670 | Lair:5   | Found a runed gate.
 21670 | Lair:5   | Found a runed gate.
 21673 | Lair:5   | Noticed iamserjio's ghost (journeyman OpWn)
 21676 | Lair:5   | Found a runed gate.
 21712 | Lair:5   | Found a hide-covered altar of Uskayaw.
 21809 | Lair:5   | Killed iamserjio's ghost
 21896 | Lair:5   | Got a twisted war axe
 21897 | Lair:5   | Identified the +9 war axe of Qecseose {freeze, rC+ Stlth+} (You found it on level 5 of the Lair of Beasts)
 22099 | Lair:5   | Reached XP level 15. HP: 128/139 MP: 14/14
 22154 | Lair:5   | Reached skill level 19 in Axes
 22423 | Lair:6   | Entered Level 6 of the Lair of Beasts
 22738 | Lair:5   | Identified a scroll of acquirement
 22814 | Lair:6   | Received a gift from Trog
 22885 | Lair:6   | Got a dazzling battleaxe {god gift}
 22891 | Lair:6   | Identified the +7 battleaxe of Ommaor {flame, Str+2} (Trog gifted it to you on level 6 of the Lair of Beasts)
 23020 | Lair:6   | Reached skill level 15 in Shields
 23091 | Lair:6   | Got a flickering emerald amulet
 24192 | Lair:6   | Identified the amulet of the Present {Acrobat rF- rC+ Str+3} (You found it on level 6 of the Lair of Beasts)
 24350 | Orc:1    | Entered Level 1 of the Orcish Mines
 24380 | Orc:1    | Found Cifeth's Book Shop.
 25356 | Orc:2    | Entered Level 2 of the Orcish Mines
 25371 | Orc:2    | Found a staircase to the Elven Halls.
 25394 | Orc:2    | Reached skill level 15 in Fighting
 25714 | Orc:2    | Reached skill level 15 in Armour
 25976 | Orc:2    | Paralysed by an orc sorcerer for 6 turns
 25982 | Orc:2    | HP: 3/141 [sun demon[an orc high priest] (8)]
 25982 | Orc:2    | Mangled by a sun demon

Vault maps used:
D:1:      grunt_arrival_crossed_arrows
D:2:      lemuel_doored_altar, gammafunk_temple_overflow_statue, led_sif_pool,
          first_ration, serial_bayou_lagoon_b, uniq_sigmund, uniq_terence
D:4:      nicolae_gozag_cash_rules_everything_around_me,
          ebering_ghost_reflecting_pool, uniq_natasha, uniq_crazy_yiuf_cottage,
          uniq_ijyb
D:5:      uniq_grinder
D:6:      temple_fountains, enter_ossuary_1, uniq_eustachio
D:7:      nicolae_overflow_hidden_temple, uniq_pikel
D:8:      lemuel_coloured_pillars_altar
D:9:      lemuel_crystal_altar, david_nohive_1, minmay_statue_bubble
D:10:     orc_0_dummy
D:11:     dpeg_oklobed_lair, lab_entry_generic,
          portal_ice_cave_entry_ice_beasts, uniq_fannar, uniq_gastronok
D:12:     basic_altar
D:13:     david_vaults_5, ebering_ghost_inner_flame, basic_altar,
          lemuel_flamethrower_hall
D:14:     zin_angel, uniq_frances
D:15:     gammafunk_depths_entry_grave, minmay_stone_trees_medium
Lair:1:   special_room, grunt_forest_large_clearing_hut
Lair:2:   nicolae_spider_entry_non_spiders, maelrawn_ghost_labyrinth_escape,
          hangedman_lair_generics_rect
Lair:3:   nicolae_swamp_entry_splash_gauntlet, serial_bayou_shore_a
Lair:5:   slime_altar_2, gammafunk_ghost_hydra_chop, basic_altar, uniq_kirke
Lair:6:   grunt_lair_end_beastmaster
Orc:1:    serial_shops, shop_coins
Orc:2:    grunt_orc_cross, basic_altar, enter_volcano_3, serial_shops,
          shop_coins, trog_book, uniq_donald, uniq_maurice
Ossuary:  ossuary_due_small_catacomb

Skill      XL: |  1  2  3  4  5  6  7  8  9 10 11 12 13 14 15 |
---------------+----------------------------------------------+-----
Axes           | 4 5 6 7 9 11 12 14 16 17 18 19 | 19.3
Fighting       | 4 5 6 7 8 9 11 12 13 14 15 | 15.0
Armour         | 4 5 6 7 8 9 11 12 13 14 15 | 15.0
Shields        | 4 5 6 7 8 9 11 12 13 14 15 | 15.6

Action                   |  1- 3 |  4- 6 |  7- 9 | 10-12 | 13-15 || total
-------------------------+-------+-------+-------+-------+-------++-------
Melee: War axe           |    23 |   173 |   280 |    17 |   132 ||   625
       Headbutt          |     4 |    23 |    65 |   126 |   229 ||   447
       Unarmed           |       |     8 |    10 |       |       ||    18
       Whip              |       |       |    84 |    89 |       ||   173
       Hand axe          |       |       |       |   527 |       ||   527
       Broad axe         |       |       |       |    69 |   823 ||   892
Invok: Trog's Hand       |       |       |     1 |       |       ||     1
Evoke: Wand              |       |       |       |       |     6 ||     6
  Use: Scroll            |       |     8 |    11 |    18 |    11 ||    48
       Potion            |       |       |     1 |     3 |       ||     4
 Stab: Invisible         |       |       |       |     5 |       ||     5
       Petrified         |       |       |       |       |     4 ||     4
  Eat: Chunk             |       |     6 |     6 |     9 |    21 ||    42
       Ration            |       |       |     3 |     5 |     5 ||    13
Armor: Scale mail        |     2 |       |       |       |       ||     2
       Plate armour      |    14 |   135 |   172 |   142 |       ||   463
       Skin              |       |     1 |       |       |       ||     1
       Chain mail        |       |       |       |    96 |   393 ||   489
Dodge: Dodged            |     9 |    48 |    56 |   118 |   178 ||   409
       Deflected         |       |       |     3 |     6 |    15 ||    24
Block: Shield            |    18 |    89 |   172 |   572 |   715 ||  1566

Table legend:
 A = Spawn XP
 B = Non-spawn XP
 C = Spawn XP percentage of total XP
 D = Spawn monster count
 E = Non-spawn monster count
 F = Spawn count percentage of total count
 G = Total turns spent on level
                    A         B        C        D         E        F      G
               +---------+---------+-------+---------+---------+-------+---------
         Total |       0 |  132351 |   0.0 |       0 |     690 |   0.0 | 25982
               +---------+---------+-------+---------+---------+-------+---------
           D:1 |       0 |      15 |   0.0 |       0 |       8 |   0.0 |   498
           D:2 |       0 |     352 |   0.0 |       0 |      30 |   0.0 |  1075
           D:3 |       0 |     160 |   0.0 |       0 |      26 |   0.0 |   703
           D:4 |       0 |     427 |   0.0 |       0 |      22 |   0.0 |  1449
           D:5 |       0 |     726 |   0.0 |       0 |      12 |   0.0 |   786
           D:6 |       0 |    1491 |   0.0 |       0 |      24 |   0.0 |  1074
           D:7 |       0 |     960 |   0.0 |       0 |      10 |   0.0 |  1005
           D:8 |       0 |    2010 |   0.0 |       0 |      33 |   0.0 |  1019
           D:9 |       0 |    3753 |   0.0 |       0 |      53 |   0.0 |  2037
          D:10 |       0 |    1568 |   0.0 |       0 |      15 |   0.0 |   893
          D:11 |       0 |    7335 |   0.0 |       0 |      25 |   0.0 |  1227
          D:12 |       0 |    8955 |   0.0 |       0 |      51 |   0.0 |  1054
          D:13 |       0 |   12075 |   0.0 |       0 |      37 |   0.0 |  1517
          D:14 |       0 |   11501 |   0.0 |       0 |      37 |   0.0 |  1304
          D:15 |       0 |   16317 |   0.0 |       0 |      44 |   0.0 |  1360
        Lair:1 |       0 |    5707 |   0.0 |       0 |      45 |   0.0 |  1153
        Lair:2 |       0 |    7631 |   0.0 |       0 |      35 |   0.0 |  1323
        Lair:3 |       0 |    8356 |   0.0 |       0 |      33 |   0.0 |   972
        Lair:4 |       0 |    2079 |   0.0 |       0 |      12 |   0.0 |   701
        Lair:5 |       0 |   13100 |   0.0 |       0 |      31 |   0.0 |  1169
        Lair:6 |       0 |   23446 |   0.0 |       0 |      61 |   0.0 |  1702
         Orc:1 |       0 |    2915 |   0.0 |       0 |      10 |   0.0 |  1413
         Orc:2 |       0 |    1248 |   0.0 |       0 |       6 |   0.0 |   219
       Ossuary |       0 |     224 |   0.0 |       0 |      30 |   0.0 |   329
               +---------+---------+-------+---------+---------+-------+---------
